TOP OF THE 1ST |
Americus Braves batting - Pitching for Oakland Oaks : RHP Corbin Schenn
|
Pitching: RHP Corbin Schenn
|
|
Batting: RHB Josh Hopp
|
0-0: Hit by Pitch
|
Batting: RHB Gebre-Giorgios Wangondu
|
0-0: Ball 1-0: Fly out, F8 (Line Drive, 8RM, EV 110.6 MPH)
|
Batting: LHB Tamaichi Sasada
|
0-0: Called Strike 0-1: Ball 1-1: Ball 2-1: Called Strike Josh Hopp steals 2nd base 2-2: Foul Ball, location: 2F 2-2: Strikes out swinging
|
Batting: LHB Andres Aldape
|
0-0: Ball 1-0: Swinging Strike 1-1: Swinging Strike 1-2: Ball 2-2: Strikes out looking
|
Top of the 1st over - 0 runs, 0 hits, 0 errors, 1 left on base; Americus 0 - Oakland 0 |
BOTTOM OF THE 1ST |
Oakland Oaks batting - Pitching for Americus Braves : LHP Jose Geraldo
|
Pitching: LHP Jose Geraldo
|
|
Batting: RHB Scott Lister
|
0-0: Ball 1-0: SOLO HOME RUN (Flyball, 7LD, EV 90.6 MPH), Distance : 341 ft
|
Batting: RHB Chris Bohm
|
0-0: Ball 1-0: Foul Ball, location: 2F 1-1: Foul Ball, location: 2F 1-2: Ball 2-2: Foul Ball, location: 2F 2-2: Ground out 5-3 (Groundball, 56, EV 89.4 MPH)
|
Batting: RHB Todd Vanasco
|
0-0: Called Strike 0-1: Swinging Strike 0-2: Strikes out swinging, 2-3 out at first.
|
Batting: RHB Tetsuya Shinoda
|
0-0: Foul Ball, location: 2F 0-1: SINGLE (Groundball, 56D, EV 95.0 MPH)
|
Batting: RHB Tim Cordle
|
0-0: Called Strike Pickoff Throw to First - Out! 1-3
|
Bottom of the 1st over - 1 run, 2 hits, 0 errors, 0 left on base; Americus 0 - Oakland 1 |
TOP OF THE 2ND |
Americus Braves batting - Pitching for Oakland Oaks : RHP Corbin Schenn
|
Batting: LHB Sam Williams
|
0-0: Ball 1-0: Called Strike 1-1: Swinging Strike 1-2: Ball 2-2: Ball 3-2: Fly out, F7 (Flyball, 78D, EV 101.2 MPH)
|
Batting: RHB Richard Saquic
|
0-0: Ball 1-0: Ball 2-0: Ball 3-0: Base on Balls
|
Batting: RHB Rafael Reyes
|
0-0: Called Strike 0-1: Ball 1-1: Called Strike 1-2: Grounds into double play, 6-4-3 (Groundball, 56, EV 86.2 MPH)
|
Top of the 2nd over - 0 runs, 0 hits, 0 errors, 0 left on base; Americus 0 - Oakland 1 |
BOTTOM OF THE 2ND |
Oakland Oaks batting - Pitching for Americus Braves : LHP Jose Geraldo
|
Batting: RHB Tim Cordle
|
0-0: Ball 1-0: Foul Ball, location: 2F 1-1: Ground out 6-3 (Groundball, 6, EV 83.8 MPH)
|
Batting: LHB Gregg Power
|
0-0: Called Strike 0-1: Swinging Strike 0-2: Ball 1-2: Ball 2-2: SOLO HOME RUN (Line Drive, 9D, EV 116.2 MPH), Distance : 458 ft
|
Batting: LHB Felipe Gomez
|
0-0: Ball 1-0: Ball 2-0: Foul Ball, location: 2F 2-1: Foul Ball, location: 2F 2-2: Strikes out swinging
|
Batting: RHB Tim Anderson
|
0-0: Called Strike 0-1: Ground out 3-1 (Groundball, 34S, EV 81.2 MPH)
|
Bottom of the 2nd over - 1 run, 1 hit, 0 errors, 0 left on base; Americus 0 - Oakland 2 |
TOP OF THE 3RD |
Americus Braves batting - Pitching for Oakland Oaks : RHP Corbin Schenn
|
Batting: RHB Vicente Guillen
|
0-0: Called Strike 0-1: Ball 1-1: Foul Ball, location: 2F 1-2: Strikes out looking
|
Batting: RHB Tetsuro Sato
|
0-0: Called Strike 0-1: Foul Ball, location: 2F 0-2: Ball 1-2: Ball 2-2: Strikes out swinging
|
Batting: RHB Josh Hopp
|
0-0: Ball 1-0: Called Strike 1-1: Called Strike 1-2: Ball 2-2: Strikes out swinging
|
Top of the 3rd over - 0 runs, 0 hits, 0 errors, 0 left on base; Americus 0 - Oakland 2 |
BOTTOM OF THE 3RD |
Oakland Oaks batting - Pitching for Americus Braves : LHP Jose Geraldo
|
Batting: RHB Travis Robinson
|
0-0: Foul Ball, location: 2F 0-1: Fly out, F8 (Flyball, 8LD, EV 82.5 MPH)
|
Batting: RHB Scott Lister
|
0-0: Ball 1-0: Ball 2-0: Ground out 4-3 (Groundball, 4, EV 88.1 MPH)
|
Batting: RHB Chris Bohm
|
0-0: Called Strike 0-1: Fly out, F7 (Flyball, 78D, EV 88.1 MPH)
|
Bottom of the 3rd over - 0 runs, 0 hits, 0 errors, 0 left on base; Americus 0 - Oakland 2 |
TOP OF THE 4TH |
Americus Braves batting - Pitching for Oakland Oaks : RHP Corbin Schenn
|
Batting: RHB Gebre-Giorgios Wangondu
|
0-0: Ball 1-0: Ball 2-0: Foul Ball, location: 2F 2-1: Swinging Strike 2-2: Foul Ball, location: 2F 2-2: Ground out 4-3 (Groundball, 4, EV 81.2 MPH)
|
Batting: LHB Tamaichi Sasada
|
0-0: Swinging Strike 0-1: Foul Ball, location: 2F 0-2: Fly out, F3 (Line Drive, 3, EV 71.2 MPH)
|
Batting: LHB Andres Aldape
|
0-0: Ground out 4-3 (Groundball, 34, EV 83.8 MPH)
|
Top of the 4th over - 0 runs, 0 hits, 0 errors, 0 left on base; Americus 0 - Oakland 2 |
BOTTOM OF THE 4TH |
Oakland Oaks batting - Pitching for Americus Braves : LHP Jose Geraldo
|
Batting: RHB Todd Vanasco
|
0-0: Ball 1-0: Foul Ball, location: 2F 1-1: Ball 2-1: Fly out, F7 (Flyball, 78D, EV 91.2 MPH)
|
Batting: RHB Tetsuya Shinoda
|
0-0: Ball 1-0: Ball 2-0: Ball 3-0: Called Strike 3-1: DOUBLE (Line Drive, 78D, EV 101.9 MPH)
|
Batting: RHB Tim Cordle
|
0-0: Called Strike 0-1: Ground out 4-3 (Groundball, 4S, EV 88.1 MPH) Tetsuya Shinoda to third
|
Batting: LHB Gregg Power
|
0-0: Foul Ball, location: 2F 0-1: Ball 1-1: Called Strike 1-2: Fly out, F8 (Flyball, 78D, EV 93.1 MPH)
|
Bottom of the 4th over - 0 runs, 1 hit, 0 errors, 1 left on base; Americus 0 - Oakland 2 |
TOP OF THE 5TH |
Americus Braves batting - Pitching for Oakland Oaks : RHP Corbin Schenn
|
Batting: LHB Sam Williams
|
0-0: Ball 1-0: DOUBLE (Flyball, 8LXD, EV 103.1 MPH) - OUT at third base trying to stretch hit.
|
Batting: RHB Richard Saquic
|
0-0: Called Strike 0-1: Ball 1-1: SINGLE (Line Drive, 4MD, EV 101.9 MPH)
|
Batting: RHB Rafael Reyes
|
0-0: Called Strike 0-1: Ball 1-1: Ball 2-1: Called Strike 2-2: Foul Ball, location: 2F 2-2: Foul Ball, location: 2F 2-2: Fly out, F8 (Flyball, 8LM, EV 89.4 MPH)
|
Batting: RHB Vicente Guillen
|
0-0: Called Strike Richard Saquic steals 2nd base 0-1: Called Strike 0-2: Ball 1-2: Ball 2-2: Ground out 5-3 (Groundball, 5D, EV 102.5 MPH)
|
Top of the 5th over - 0 runs, 2 hits, 0 errors, 1 left on base; Americus 0 - Oakland 2 |
BOTTOM OF THE 5TH |
Oakland Oaks batting - Pitching for Americus Braves : LHP Jose Geraldo
|
Batting: LHB Felipe Gomez
|
0-0: Foul Ball, location: 2F 0-1: Ball 1-1: Fly out, F8 (Flyball, 78M, EV 88.1 MPH)
|
Batting: RHB Tim Anderson
|
0-0: Ball 1-0: Swinging Strike 1-1: Foul Ball, location: 2F 1-2: Ball 2-2: Ball 3-2: Foul Ball, location: 2F 3-2: Foul Ball, location: 2F 3-2: Strikes out looking
|
Batting: RHB Travis Robinson
|
0-0: Ground out 5-3 (Groundball, 56, EV 78.8 MPH)
|
Bottom of the 5th over - 0 runs, 0 hits, 0 errors, 0 left on base; Americus 0 - Oakland 2 |
TOP OF THE 6TH |
Americus Braves batting - Pitching for Oakland Oaks : RHP Corbin Schenn
|
Batting: RHB Tetsuro Sato
|
0-0: Ball 1-0: Called Strike 1-1: Ball 2-1: Foul Ball, location: 2F 2-2: Strikes out looking and he ARGUES THE CALL AND IS TOSSED!
|
Batting: RHB Josh Hopp
|
0-0: Ball 1-0: Ball 2-0: Foul Ball, location: 2F 2-1: Fly out, F7 (Line Drive, 7, EV 90.0 MPH)
|
Batting: RHB Gebre-Giorgios Wangondu
|
0-0: Called Strike 0-1: Fly out, F9 (Flyball, 9LM, EV 89.4 MPH)
|
Top of the 6th over - 0 runs, 0 hits, 0 errors, 0 left on base; Americus 0 - Oakland 2 |
BOTTOM OF THE 6TH |
Oakland Oaks batting - Pitching for Americus Braves : LHP Jose Geraldo
|
Now in RF: Dave Pizarro
|
|
Batting: RHB Scott Lister
|
0-0: Swinging Strike 0-1: Ball 1-1: Ball 2-1: Ball 3-1: Base on Balls
|
Batting: RHB Chris Bohm
|
0-0: Ball 1-0: Ball 2-0: Reached via error on a dropped throw from 1B, E1 (Groundball, 34S, EV 82.5 MPH) Scott Lister to second
|
Batting: RHB Todd Vanasco
|
0-0: Called Strike 0-1: Ball 1-1: Foul Ball, location: 2F 1-2: Ground out 6-3 (Groundball, 6MS, EV 68.1 MPH) Scott Lister to third Chris Bohm to second
|
Batting: RHB Tetsuya Shinoda
|
0-0: Ball 1-0: Ball 2-0: Ball 3-0: Called Strike 3-1: Called Strike 3-2: Fly out, F9 (Flyball, 9, EV 93.1 MPH) Runner from 3rd tags up, SCORES, throw by RF Chris Bohm to third
|
Batting: RHB Tim Cordle
|
0-0: Ball 1-0: Called Strike 1-1: Ground out 5-3 (Groundball, 56, EV 90.6 MPH)
|
Bottom of the 6th over - 1 run, 0 hits, 1 error, 1 left on base; Americus 0 - Oakland 3 |
TOP OF THE 7TH |
Americus Braves batting - Pitching for Oakland Oaks : RHP Corbin Schenn
|
Pitching: LHP Daniel Aguayo
|
|
Batting: LHB Tamaichi Sasada
|
0-0: Ball 1-0: Ball 2-0: Called Strike 2-1: Ground out U3 (Groundball, 3, EV 86.2 MPH)
|
Batting: LHB Andres Aldape
|
0-0: Ball 1-0: Foul Ball, location: 2F 1-1: Swinging Strike 1-2: Strikes out swinging
|
Batting: LHB Sam Williams
|
0-0: Called Strike 0-1: Swinging Strike 0-2: Strikes out swinging
|
Top of the 7th over - 0 runs, 0 hits, 0 errors, 0 left on base; Americus 0 - Oakland 3 |
BOTTOM OF THE 7TH |
Oakland Oaks batting - Pitching for Americus Braves : LHP Jose Geraldo
|
Batting: LHB Gregg Power
|
0-0: Foul Ball, location: 2F 0-1: Foul Ball, location: 2F 0-2: Ball 1-2: Fly out, F8 (Line Drive, 8LD, EV 93.8 MPH)
|
Batting: LHB Felipe Gomez
|
0-0: Foul Ball, location: 2F 0-1: Foul Ball, location: 2F 0-2: Strikes out swinging
|
Batting: RHB Tim Anderson
|
0-0: DOUBLE (Line Drive, 89M, EV 106.9 MPH)
|
Pinch Runner at 2nd D.J. Codd:
|
|
Batting: RHB Travis Robinson
|
0-0: Called Strike 0-1: 2-RUN HOME RUN (Flyball, 78XD, EV 116.2 MPH), Distance : 471 ft
|
Pitching: RHP Andrew Hodges
|
|
Batting: RHB Scott Lister
|
0-0: Ball 1-0: Called Strike 1-1: Ball 2-1: Ball 3-1: Ground out 5-3 (Groundball, 56S, EV 91.2 MPH)
|
Bottom of the 7th over - 2 runs, 2 hits, 0 errors, 0 left on base; Americus 0 - Oakland 5 |
TOP OF THE 8TH |
Americus Braves batting - Pitching for Oakland Oaks : LHP Daniel Aguayo
|
Pitching: RHP Manny Tienda
|
|
Now at SS: Steve Salafia
|
|
Batting: RHB Richard Saquic
|
0-0: Called Strike 0-1: Fly out, F7 (Flyball, 7, EV 89.4 MPH)
|
Batting: RHB Rafael Reyes
|
0-0: Foul Ball, location: 2F 0-1: Ground out 6-3 (Groundball, 6, EV 91.2 MPH)
|
Batting: RHB Vicente Guillen
|
0-0: Ball 1-0: Ground out 5-3 (Groundball, 5S, EV 80.0 MPH)
|
Top of the 8th over - 0 runs, 0 hits, 0 errors, 0 left on base; Americus 0 - Oakland 5 |
BOTTOM OF THE 8TH |
Oakland Oaks batting - Pitching for Americus Braves : RHP Andrew Hodges
|
Batting: RHB Chris Bohm
|
0-0: Called Strike 0-1: Ball 1-1: Called Strike 1-2: Fly out, F4 (Popup, 4MD, EV 60.0 MPH)
|
Batting: RHB Todd Vanasco
|
0-0: Called Strike 0-1: Swinging Strike 0-2: Strikes out swinging
|
Batting: RHB Tetsuya Shinoda
|
0-0: Called Strike 0-1: Swinging Strike 0-2: Strikes out swinging
|
Bottom of the 8th over - 0 runs, 0 hits, 0 errors, 0 left on base; Americus 0 - Oakland 5 |
TOP OF THE 9TH |
Americus Braves batting - Pitching for Oakland Oaks : RHP Manny Tienda
|
Batting: RHB Dave Pizarro
|
0-0: Called Strike 0-1: Ball 1-1: Ball 2-1: Foul Ball, location: 2F 2-2: Ball 3-2: Base on Balls
|
Batting: RHB Josh Hopp
|
0-0: Ball 1-0: Swinging Strike 1-1: Swinging Strike 1-2: Ball 2-2: SINGLE (Groundball, 56S, EV 71.2 MPH) (infield hit) Dave Pizarro to second
|
Batting: RHB Gebre-Giorgios Wangondu
|
0-0: Ball 1-0: Ball 2-0: Called Strike 2-1: Ball 3-1: Base on Balls Dave Pizarro to third Josh Hopp to second
|
Pitching: LHP Alex Shannon
|
|
Batting: RHB Terry Hughes
|
0-0: Swinging Strike 0-1: Foul Ball, location: 2F 0-2: Strikes out swinging
|
Batting: LHB Andres Aldape
|
0-0: Ball 1-0: SINGLE (Flyball, 6D, EV 86.2 MPH) Dave Pizarro scores Josh Hopp to third Gebre-Giorgios Wangondu to second
|
Pitching: RHP Charlie Shook
|
|
Batting: LHB Sam Williams
|
0-0: Called Strike 0-1: Called Strike 0-2: Ball 1-2: Foul Ball, location: 2F 1-2: Strikes out swinging
|
Batting: RHB Richard Saquic
|
0-0: Ball Wild Pitch! Josh Hopp scores Gebre-Giorgios Wangondu to third Andres Aldape to second 1-0: Ball 2-0: Foul Ball, location: 2F 2-1: Foul Ball, location: 2F 2-2: Foul Ball, location: 2F 2-2: Strikes out swinging
|
Top of the 9th over - 2 runs, 2 hits, 0 errors, 2 left on base; Americus 2 - Oakland 5 |
|